AoeStats
← Espectro

MegaRandom

509281205Analyzed
3v3 RM · 5d ago on Sep 26, 2026· 46m 26s· 6 players
Game mode
Random Map
Map size
Normal (6 player)
Population
200
Speed
Normal
Resources
Standard
Victory
Conquest
Starting age
Dark Age
Ending age
Imperial Age
RankedLock teamsTeams togetherTeam positionsShared explorationLock speedFull tech treeHidden civsTurbo modeCheats
Victory
Defeat
🇺🇸 Burgundians · United States
967
+13
🇺🇸 Varangians · United States
924
+15
🇺🇸 Tupi · United States
922
+15
🇨🇦 Danes · Canada
1083
-21
🇲🇽 Spanish · Mexico
819
-11
🇲🇽 Hindustanis · Mexico
816
-11
AKX Is Undone
4:15 Loom
10:16 Feudal Age
14:23 Fletching
19:59 Scale Mail Armor
20:28 Champi Runner
23:28 Wheelbarrow
22:45 Double-Bit Axe
22:46 Horse Collar
27:07 Castle Age
26:28 Stone Mining
26:33 Gold Mining
28:01 Bodkin Arrow
32:12 Town Watch
33:54 Chain Mail Armor
37:24 Forging
37:53 Padded Archer Armor
39:57 Iron Casting
39:57 Squires
39:44 Arson
41:49 Town Patrol
45:29 Imperial Age
44:24 Ballistics
44:56 Crossbowman
45:13 Elite Skirmisher
Po bear8617
3:39 Loom
11:07 Feudal Age
11:36 Double-Bit Axe
13:31 Wheelbarrow
16:48 Castle Age
16:18 Stone Mining
21:30 Squires
25:43 Man-at-Arms
30:22 Husbandry
35:48 Imperial Age
34:33 Bow Saw
35:02 Stone Shaft Mining
34:18 Gold Mining
35:55 Fletching
36:05 Padded Archer Armor
36:06 Scale Mail Armor
36:16 Forging
36:12 Scale Barding Armor
37:46 Conscription
36:48 Vendel Legacy
38:23 Cavalier
39:14 Bloodlines
40:23 Fortified Wall
39:55 Treadmill Crane
40:07 Horse Collar
40:31 Fishing Lines
43:17 Chemistry
43:08 Bodkin Arrow
43:35 Chain Mail Armor
45:17 Gillnets
XxMrKr0NiC420xX
7:56 Loom
9:54 Feudal Age
11:18 Double-Bit Axe
11:47 Horse Collar
15:06 Wheelbarrow
19:21 Castle Age
22:29 Cavalier
23:28 Heavy Plow
37:57 Burgundian Vineyards
41:43 Imperial Age
39:31 Hand Cart
39:03 Town Watch
39:42 Bow Saw
40:09 Crop Rotation
39:34 Gold Mining
39:59 Husbandry
40:44 Forging
40:39 Scale Barding Armor
40:33 Fletching
43:41 Chemistry
43:02 Ballistics
42:40 Murder Holes
42:29 Light Cavalry
44:22 Conscription
44:11 Paladin
45:34 Capped Ram
mimotaker
0:45 Loom
11:28 Feudal Age
18:33 Bloodlines
21:38 Castle Age
23:29 Elite Skirmisher
44:23 Double-Bit Axe
44:21 Horse Collar
45:19 Wheelbarrow
Kirito Wizard
8:31 Loom
10:56 Feudal Age
16:25 Castle Age
14:27 Double-Bit Axe
14:27 Horse Collar
15:00 Gold Mining
17:07 Gambesons
17:22 Squires
17:08 Arson
16:44 Man-at-Arms
19:26 Arson
20:14 Man-at-Arms
20:15 Pikeman
39:31 Hamask
40:51 Bow Saw
49:00 Imperial Age
Espectro
1:36 Loom
10:53 Feudal Age
12:11 Wheelbarrow
11:24 Double-Bit Axe
22:44 Castle Age
21:11 Stone Mining
21:16 Gold Mining
21:41 Fletching
22:04 Forging
23:16 Town Watch
24:04 Hand Cart
23:13 Pikeman
24:26 Bodkin Arrow
25:49 Horse Collar
27:02 Bow Saw
32:36 Imperial Age
29:48 Elite Skirmisher
33:28 Medium Warships
37:27 Bracer
38:03 Iron Casting
37:28 Scale Mail Armor
37:34 Scale Barding Armor
37:29 Padded Archer Armor
40:01 Two-Man Saw
44:26 Conscription
Connection lost

Rejoining the realm…

Still unreachable

The connection could not be restored.

Session expired

The server has moved on; the page needs a fresh start.